 Dungeon Crawl Stone Soup version 0.28.0 (webtiles) character file.

Game seed: 16288916520876299532

400 hikkokomori the Skirmisher (level 6, -10/56 HPs)
             Began as a Minotaur Fighter on Feb 6, 2022.
             Was an Initiate of Gozag.
             Mangled by an ogre (15 damage)
             ... on level 4 of the Dungeon.
             The game lasted 00:04:35 (3148 turns).

hikkokomori the Skirmisher (Minotaur Fighter)       Turns: 3148, Time: 00:04:36

Health: -10/56     AC:  7    Str: 21    XL:     6   Next: 54%
Magic:  5/5        EV:  9    Int:  5    God:    Gozag
Gold:   506        SH:  5    Dex: 11    Spells: 5/5 levels left

rFire   . . .      SeeInvis .   a - +0 war axe
rCold   + + .      Faith    .   c - +0 buckler
rNeg    . . .      Spirit   .   b - +0 scale mail
rPois   .          Reflect  .   (helmet restricted)
rElec   .          Harm     .   (no cloak)
rCorr   .          Rampage  .   (no gloves)
Will    .....                   (no boots)
Stlth   ..........              (no amulet)
HPRegen 0.18/turn               m - ring of protection from cold
MPRegen 0.09/turn               q - ring of protection from cold

@: no status effects
A: horns 2, retaliatory headbutt
a: Renounce Religion, Potion Petition, Call Merchant, Bribe Branch


You were on level 4 of the Dungeon.
You worshipped Gozag.
Gozag was pleased with you.
You visited 1 branch of the dungeon, and saw 4 of its levels.

You collected 506 gold pieces.

Inventory:

Hand Weapons
 a - a +0 war axe (weapon)
Armour
 b - a +0 scale mail (worn)
 c - a +0 buckler (worn)
 g - a +0 ring mail of cold resistance
 p - an orb of wrath
Jewellery
 m - a ring of protection from cold (left hand)
 q - a ring of protection from cold (right hand)
 r - a ring of protection from cold
Wands
 d - a wand of flame (21)
Scrolls
 l - a scroll of identify
 u - a scroll of noise
Potions
 e - a potion of invisibility {unknown}
 f - a potion of ambrosia {unknown}
 h - a potion of resistance {unknown}
 i - a potion of curing {unknown}
 j - a potion of mutation {unknown}
 k - a potion of magic {unknown}
 n - a potion of brilliance {unknown}
 o - a potion of haste {unknown}
 s - 2 potions of attraction {unknown}
 t - a potion of might


   Skills:
 + Level 5.4 Fighting
 + Level 4.6 Axes
 + Level 5.3 Armour
 + Level 5.3 Shields
 + Level 0.7 Evocations


You had 5 spell levels left.
You didn't know any spells.
Your spell library contained the following spells:

 Spells                   Type           Power      Damage    Failure   Level
 Corpse Rot               Necr/Air       0%         N/A       95%         2
 Poisonous Vapours        Pois/Air       0%         N/A       95%         2


Dungeon Overview and Level Annotations

Branches:
Dungeon (4/15)
 Temple: D:4-7

Altars:
Gozag

Annotations:
D:3 2 transporters, RascalDebosk's ghost, amateur DrCj


Innate Abilities, Weirdness & Mutations

You have a pair of horns on your head.
You reflexively headbutt those who attack you in melee.


Message History

You start resting.
Your surroundings suddenly seem different.
Found 7 gold pieces.
You feel your willpower return.
You hear the slow hiss of a very distant avalanche of sand.
You hear the slow hiss of a very distant avalanche of sand.
HP restored.
You hear the hiss of a distant avalanche of sand.
You now have 492 gold pieces (gained 7).
You now have 506 gold pieces (gained 14).
e - a fuming white potion
Found an inky potion.
n - an inky potion
Found 6 gold pieces.
An ogre comes into view. It is wielding a +0 giant spiked club.
The ogre shouts!
A kobold comes into view. It is wielding a +0 whip.
You barely miss the ogre.
The kobold shouts!
The ogre hits you with a +0 giant spiked club!!
You hit the ogre but do no damage. You block the ogre's attack.
Unknown command.
You hit the ogre. Your headbutt misses the ogre.
The ogre is lightly wounded.
The ogre hits you with a +0 giant spiked club!
You barely miss the ogre. Your headbutt misses the ogre.
The ogre is lightly wounded.
The ogre hits you with a +0 giant spiked club!
* * * LOW HITPOINT WARNING * * *
Unknown command.
Okay, then.
You hit the ogre. Your headbutt misses the ogre.
The ogre is moderately wounded.
You block the ogre's attack.
Unknown command.
You hit the ogre.
The ogre is heavily wounded.
The ogre hits you with a +0 giant spiked club!
You die...
Your body crumbles into a pile of gold.

#... ....... #..#
.......$# #..# #
.......# #..# ###
#. ......#
#..###... #. ...#.#
# #..##.# # #..
#K##.#.# #.....# #
#..##O##.#.#
#.###.###
####....@.....# #.#
##...
#...........#####.#
##.#
#.##..............#
#.#
#####............#
#.#
############.###..
...... .#####


You could see an ogre and a kobold.

Vanquished Creatures
  Sigmund (D:2)
  An ogre (D:3)
  A hound (D:2)
  Jessica (D:2)
  3 adders
  4 worms (D:2)
  A dart slug (D:2)
  An orc (D:3)
  5 ball pythons
  4 endoplasms
  5 goblins
  8 hobgoblins
  4 jackals (D:1)
  4 kobolds
  3 quokkas
  5 bats
  2 frilled lizards (D:3)
  5 rats
58 creatures vanquished.

Notes
Turn   | Place    | Note
-------+----------+-------------------------------------------
     0 | D:1      | hikkokomori the Minotaur Fighter began the quest for the
                  | Orb.
     0 | D:1      | Reached XP level 1. HP: 19/19 MP: 0/0
   118 | D:1      | Found a faded altar of an unknown god.
   118 | D:1      | Noticed an iron imp
   130 | D:1      | Prayed at the altar of an unknown god.
   130 | D:1      | Became a worshipper of Gozag Ym Sagoz the Greedy
   265 | D:1      | Reached XP level 2. HP: 16/27 MP: 1/1
   878 | D:2      | Reached XP level 3. HP: 29/33 MP: 2/2
  1002 | D:2      | Reached XP level 4. HP: 27/41 MP: 3/3
  1161 | D:2      | Noticed Sigmund
  1174 | D:2      | Killed Sigmund
  1175 | D:2      | Reached skill level 5 in Fighting
  1175 | D:2      | Reached skill level 5 in Armour
  1175 | D:2      | Reached skill level 5 in Shields
  1175 | D:2      | Reached XP level 5. HP: 28/48 MP: 4/4
  1602 | D:2      | Noticed Jessica
  1612 | D:2      | Killed Jessica
  1613 | D:2      | Reached XP level 6. HP: 16/56 MP: 5/5
  2015 | D:3      | Found a transporter.
  2024 | D:3      | Found a transporter.
  2027 | D:3      | Noticed RascalDebosk's ghost (amateur DrCj)
  3148 | D:4      | Mangled by an ogre

Illustrated notes

Levels and vault maps discovered:
D:1:      mrwooster_arrival_statue_2, layout_basic,
          dreamdust_ecumenical_altar_sealed_demon
D:2:      layout_rooms, serial_rivers, chequers_serial_rivers_marsh,
          chequers_serial_rivers_micro_d, chequers_serial_rivers_micro_c,
          chequers_serial_rivers_micro_e, chequers_serial_rivers_room_b,
          uniq_jessica, uniq_sigmund
D:3:      layout_basic, gammafunk_ghost_arena, columned_hall_lemuel,
          minmay_bisected
D:4:      layout_loops_ring, mainiacjoe_overflow_six_doors_small,
          gup_ossuary_entry_pyramid

Skill      XL: |  1  2  3  4 |
---------------+-------------+-----
Fighting       | 4 5 |  5.4
Shields        | 4 5 |  5.3
Armour         | 4 5 |  5.3
Axes           | 3 4 |  4.6
Evocations     | |  0.7

Action                   |  1- 3 |  4- 6 || total
-------------------------+-------+-------++-------
Melee: War axe           |    57 |    83 ||   140
       Headbutt          |     4 |     5 ||     9
Evoke: Wand              |       |     1 ||     1
  Use: Potion            |       |     1 ||     1
       Scroll            |       |     4 ||     4
Armor: Scale mail        |    17 |    36 ||    53
Dodge: Dodged            |    23 |    25 ||    48
Block: Buckler           |     9 |    18 ||    27
